 Dungeon Crawl Stone Soup version 0.26-a0-1053-gaff5f71418 (webtiles) character file.

Game seed: 2547809755447613603

72 dracfodder the Skirmisher (level 4, 0/29 HPs)
             Began as a Gargoyle Berserker on Dec 12, 2020.
             Was a Believer of Trog.
             Slain by a gnoll
             ... wielding a +0 spear
              (5 damage)
             ... on level 2 of the Dungeon.
             The game lasted 00:03:29 (1286 turns).

dracfodder the Skirmisher (Gargoyle Berserker)      Turns: 1286, Time: 00:03:29

Health: 0/29       AC: 10    Str: 22    XL:     4   Next: 25%
Magic:  4/4        EV: 10    Int:  7    God:    Trog [**....]
Gold:   26         SH:  0    Dex:  9    Spells: 3/3 levels left

rFire    . . .     SeeInvis .   a - +0 hand axe
rCold    . . .     Faith    .   (no shield)
rNeg     + . .     Spirit   .   d - +0 scale mail
rPois    ∞         Reflect  .   (no helmet)
rElec    +         Harm     .   (no cloak)
rCorr    .         Rampage  .   (no gloves)
Will     .....                  (no boots)
Stlth    ..........             (no amulet)
HPRegen  0.09/turn              (no ring)
MPRegen  0.09/turn              (no ring)

@: berserk cooldown, slowed, very slow
A: negative energy resistance 1, electricity resistance, unbreathing,
petrification resistance, rot immunity, AC +3
a: Berserk, Trog's Hand, Renounce Religion


You were on level 2 of the Dungeon.
You worshipped Trog.
Trog was pleased with you.
You visited 1 branch of the dungeon, and saw 4 of its levels.

You collected 26 gold pieces.

Inventory:

Hand Weapons
 a - a +0 hand axe (weapon)
 f - a +0 hunting sling
Missiles
 c - 46 stones
 e - 5 javelins (quivered)
 g - 42 bolts
 h - 23 arrows
Armour
 d - a +0 scale mail (worn)
Scrolls
 k - a scroll of remove curse
 l - a scroll of immolation {unknown}
Potions
 b - a potion of curing
 i - a potion of ambrosia {unknown}
 j - a potion of cancellation {unknown}


   Skills:
 + Level 3.8 Fighting
 + Level 3.7 Axes
 + Level 2.9 Armour
 + Level 1.8 Dodging


You had 3 spell levels left.
You didn't know any spells.
Your spell library was empty.

Dungeon Overview and Level Annotations

Branches:
Dungeon (4/15)
 Temple: D:4-7

Altars:


Innate Abilities, Weirdness & Mutations

You are resistant to torment.
Your stone body is resilient. (AC +3)
You are immune to poison.
You resist negative energy. (rN+)
You are resistant to electric shocks. (rElec)
You can survive without breathing.
You are immune to petrification.
You are immune to rotting.


Message History

The gnoll is severely wounded.
The gnoll hits you but does no damage.
The gnoll hits you from afar with a +0 spear.
You slash the gnoll!
You kill the gnoll!
Trog accepts your kill.
You can now call upon Trog for regeneration and willpower.
The gnoll closely misses you.
The gnoll hits you from afar with a +0 spear.
* * * LOW HITPOINT WARNING * * *
The gnoll hits you but does no damage. The gnoll hits you with a +0 spear.
* * * LOW HITPOINT WARNING * * *
You hit the gnoll but do no damage. The gnoll hits you with a +0 spear.
* * * LOW HITPOINT WARNING * * *
The gnoll barely misses you.
You barely miss the gnoll. The gnoll hits you with a +0 spear.
* * * LOW HITPOINT WARNING * * *
The gnoll hits you with a +0 spear.
You die...

#..........#
..#.....#...
#..g...r...#
#.#...S.#.#
#....g....#
#...#.#...#
#.>.......#
####.####.#
#.)g@..#
######.# .#
.# .. .# ..
##


You could see a gnoll.

Vanquished Creatures
  An adder (D:2)
  3 gnolls (D:2)
  A worm (D:3)
  2 leopard geckos
  6 goblins
  3 hobgoblins
  A jackal (D:2)
  A bat (D:1)
  2 frilled lizards
  7 kobolds
  2 rats
29 creatures vanquished.

Vanquished Creatures (others)
  2 plants (D:2)
2 creatures vanquished.

Grand Total: 31 creatures vanquished

Notes
Turn   | Place    | Note
-------+----------+-------------------------------------------
     0 | D:1      | dracfodder the Gargoyle Berserker began the quest for the
                  | Orb.
     0 | D:1      | Reached XP level 1. HP: 14/14 MP: 1/1
   449 | D:1      | Reached XP level 2. HP: 19/19 MP: 2/2
  1216 | D:3      | Reached XP level 3. HP: 24/24 MP: 3/3
  1270 | D:2      | Reached XP level 4. HP: 29/29 MP: 4/4
  1281 | D:2      | Reached ** piety under Trog
  1286 | D:2      | Slain by a gnoll

Illustrated notes

Levels and vault maps discovered:
D:1:      dpeg_arrival_rooms_b, layout_basic
D:2:      minmay_razor_zed, layout_loops_corners,
          nicolae_overflow_hidden_temple, st_stairs_2, minmay_misc_feat_cross,
          serial_bayou_ford_a
D:3:      layout_basic
D:4:      gammafunk_cloud_chamber, layout_layer_cave, kennysheep_minor_cross

Skill      XL: |  1  2 |
---------------+-------+-----
Axes           | 3 |  3.7
Fighting       | |  3.8
Armour         | |  2.9
Dodging        | |  1.8

Action                   |  1- 3 |  4- 6 || total
-------------------------+-------+-------++-------
Melee: Hand axe          |    96 |    13 ||   109
Invok: Berserk           |     1 |       ||     1
  Use: Scroll            |     3 |       ||     3
       Potion            |     1 |       ||     1
Armor: Scale mail        |    41 |    11 ||    52
       Animal skin       |     3 |       ||     3
Dodge: Dodged            |    74 |     7 ||    81

Table legend: (Time is in decaauts)
 A = Elapsed time spent in this place.
 B = Non-inter-level travel time spent in this place.
 C = Inter-level travel time spent in this place.
 D = Time resting spent in this place.
 E = Time spent auto-exploring this place.
 F = Levels seen in this place.
 G = Mean time per level.
                   A        B        C        D        E       F      G
               +--------+--------+--------+--------+--------+-----+--------+
         Total |   1303 |   1290 |     13 |    273 |    729 |   4 |  325.8 |
       Dungeon |   1303 |   1290 |     13 |    273 |    729 |   4 |  325.8 |
               +--------+--------+--------+--------+--------+-----+--------+

Top non-repeatable levels by time:
     D:1: 1057 daAuts
     D:3: 154 daAuts
     D:2: 90 daAuts
     D:4: 1 daAuts
